 Dungeon Crawl Stone Soup version 0.27.1-33-g824d729ab1 (webtiles) character file.

Game seed: 1566149702768411018

391 austinbyrn the Cudgeller (level 6, 0/40 HPs)
             Began as a Gargoyle Fighter on Dec 22, 2021.
             Slain by a wyvern zombie (12 damage)
             ... on level 4 of the Dungeon.
             The game lasted 00:04:39 (3440 turns).

austinbyrn the Cudgeller (Gargoyle Fighter)         Turns: 3440, Time: 00:04:39

Health: 0/40       AC: 12    Str: 22    XL:     6   Next: 80%
Magic:  6/6        EV:  7    Int:  8    God:
Gold:   222        SH: 10    Dex:  9    Spells: 5/5 levels left

rFire    . . .     SeeInvis .   h - +1 whip (venom)
rCold    . . .     Faith    .   c - +0 kite shield
rNeg     + . .     Spirit   .   b - +0 scale mail
rPois    ∞         Reflect  .   m - +0 helmet
rElec    +         Harm     .   (no cloak)
rCorr    .         Rampage  .   (no gloves)
Will     .....                  (no boots)
Stlth    ..........             (no amulet)
HPRegen  0.13/turn              (no ring)
MPRegen  0.10/turn              (no ring)

@: attractive
A: sickness immunity, AC +4, negative energy resistance 1, electricity
resistance, torment resistance 1, petrification resistance
a: no special abilities


You were on level 4 of the Dungeon.
You visited 1 branch of the dungeon, and saw 4 of its levels.

You collected 222 gold pieces.

Inventory:

Hand Weapons
 h - a +1 whip of venom (weapon)
Armour
 b - a +0 scale mail (worn)
 c - a +0 kite shield (worn)
 m - a +0 helmet (worn)
Jewellery
 a - a ring of wizardry
Wands
 k - a wand of iceblast (8)
Scrolls
 f - 2 scrolls of amnesia {unknown}
 g - 3 scrolls of identify {unknown}
 i - a scroll of immolation {unknown}
 j - a scroll of teleportation {unknown}
 l - 4 scrolls of fear {unknown}
 n - a scroll of enchant armour {unknown}
 o - a scroll of fog {unknown}
 p - a scroll of enchant weapon {unknown}
 r - a scroll of acquirement {unknown}
Potions
 d - a potion of might
 e - a potion of attraction
 s - a potion of degeneration {unknown}


   Skills:
 + Level 4.9 Fighting
 * Level 5.1 Maces & Flails
 - Level 3.2 Armour
 + Level 4.9 Shields


You had 5 spell levels left.
You didn't know any spells.
Your spell library contained the following spells:

 Spells                   Type           Power      Damage    Failure   Level
 Static Discharge         Conj/Air       0%         N/A       99%         2
 Lightning Bolt           Conj/Air       0%         1d11      100%        5
 Conjure Ball Lightning   Conj/Air       0%         3x3d6     100%        6
 Discord                  Hex            0%         N/A       100%        8
 Disjunction              Tloc           0%         N/A       100%        8
 Maxwell's Capacitive Co  Air            0%         ∞         100%        8


Dungeon Overview and Level Annotations

Branches:
Dungeon (4/15)
 Temple: D:4-7

Altars:
Nemelex Xobeh


Innate Abilities, Weirdness & Mutations

You are immune to sickness and miasma.
Your stone body is resilient. (AC +4)
You are immune to poison.
You resist negative energy. (rN+)
You are resistant to electric shocks. (rElec)
You are resistant to unholy torment.
You are immune to petrification.


Message History

You hit the wyvern zombie but do no damage.
The wyvern zombie is heavily damaged.
The wyvern zombie closely misses you.
You hit the wyvern zombie.
The wyvern zombie is severely damaged.
The wyvern zombie bites you! x2
* * * LOW HITPOINT WARNING * * *
You are too injured to fight recklessly!
You are too injured to fight recklessly!
You are too injured to fight recklessly!
You are too injured to fight recklessly!
You hit the wyvern zombie.
The wyvern zombie is severely damaged.
The wyvern zombie bites you.
* * * LOW HITPOINT WARNING * * *
You hit the wyvern zombie.
The wyvern zombie is severely damaged.
The wyvern zombie bites you but does no damage.
You barely miss the wyvern zombie.
The wyvern zombie is severely damaged.
You block the wyvern zombie's attack. x2
You hit the wyvern zombie.
The wyvern zombie is almost destroyed.
The wyvern zombie bites you.
* * * LOW HITPOINT WARNING * * *
It was a potion of attraction.
You feel attractive to monsters. The wyvern zombie barely misses you.
You block the wyvern zombie's attack.
It was a potion of curing.
You feel better. The wyvern zombie barely misses you.
You hit the wyvern zombie.
The wyvern zombie is almost destroyed.
The wyvern zombie barely misses you.
You hit the wyvern zombie.
The wyvern zombie is almost destroyed.
You block the wyvern zombie's attack.
You hit the wyvern zombie but do no damage.
The wyvern zombie is almost destroyed.
The wyvern zombie barely misses you. The wyvern zombie bites you!
You die...

######.#.#.#.#.#
#......#.# #.#.# #
#......#.# #.# .
+......#.# #.# #
#......#.#.# #.#
##......#.#.#.#.#
#.......#.....#.#
#........##.###.#
#.#...##.##...#@#
#.#...##.##.#.#Z#
#.#...##..#.#.#.#
#.............#.#
####...###...###.#
####...# ##.)# #..
#......# #..#####
#.###### ##..# ..#
#..#


You could see a wyvern zombie.

Vanquished Creatures
  A black bear (D:4)
  A howler monkey (D:4)
  An orc priest (D:4)
  A scorpion zombie (D:4)
  2 orc wizards
  5 adders
  2 adder skeletons (D:4)
  3 worms
  4 dart slugs
  3 orcs
  8 ball pythons
  9 endoplasms
  5 giant cockroaches
  14 goblins
  11 hobgoblins
  4 jackals (D:1)
  3 quokkas
  2 bats (D:1)
  3 frilled lizards
  8 kobolds
  3 rats
93 creatures vanquished.

Notes
Turn   | Place    | Note
-------+----------+-------------------------------------------
     0 | D:1      | austinbyrn the Gargoyle Fighter began the quest for the
                  | Orb.
     0 | D:1      | Reached XP level 1. HP: 14/14 MP: 1/1
   110 | D:1      | Reached XP level 2. HP: 17/19 MP: 2/2
   497 | D:1      | Reached XP level 3. HP: 23/23 MP: 3/3
   799 | D:1      | Reached skill level 3 in Maces & Flails
  1080 | D:2      | Found a faded altar of an unknown god.
  1153 | D:2      | Reached XP level 4. HP: 24/29 MP: 4/4
  1960 | D:3      | Found a sparkling altar of Nemelex Xobeh.
  1976 | D:3      | Reached XP level 5. HP: 32/33 MP: 5/5
  2506 | D:3      | Reached skill level 4 in Maces & Flails
  2740 | D:4      | Noticed a black bear
  2756 | D:4      | Killed a black bear
  2757 | D:4      | Reached XP level 6. HP: 20/39 MP: 6/6
  3208 | D:4      | Reached skill level 5 in Maces & Flails
  3435 | D:4      | HP: 1/40 [wyvern zombie (5)]
  3440 | D:4      | Slain by a wyvern zombie

Illustrated notes

Levels and vault maps discovered:
D:1:      dpeg_arrival_morbid_curiosity, layout_rooms
D:2:      layout_rooms, basic_ecumenical_altar, minmay_misc_feat_cross,
          chequers_serial_rivers_large_b
D:3:      layout_basic, overflow_temple_1_default, serial_bayou_pond_d
D:4:      layout_basic, serial_curves, eino_curves_01, eino_curves_02,
          minmay_vboxes

Skill      XL: |  1  2  3  4  5  6 |
---------------+-------------------+-----
Maces & Flails | 3 4 5 |  5.1
Shields        | 4 |  4.9
Fighting       | 4 |  4.9
Armour         | |  3.2

Action                   |  1- 3 |  4- 6 || total
-------------------------+-------+-------++-------
Melee: Flail             |   156 |       ||   156
       Whip              |       |   196 ||   196
  Use: Potion            |       |     2 ||     2
Armor: Scale mail        |    94 |    96 ||   190
Dodge: Dodged            |    51 |    49 ||   100
Block: Kite shield       |    98 |   119 ||   217
